 Dungeon Crawl Stone Soup version 0.30-a0-358-g0d69a1922f (webtiles) character file.

Game seed: 13997425195625719498

25 jlumianski the Trooper (level 2, 0/24 HPs)
             Began as a Demonspawn Fighter on Nov 9, 2022.
             Frozen to death by an endoplasm (3 damage)
             ... on level 1 of the Dungeon.
             The game lasted 00:02:55 (344 turns).

jlumianski the Trooper (Demonspawn Fighter)          Turns: 344, Time: 00:02:55

Health: 0/24       AC:  6    Str: 16    XL:     2   Next: 82%
Magic:  2/2        EV:  8    Int:  9    God:
Gold:   20         SH:  5    Dex: 12    Spells: 1/1 levels left

rFire   . . .      SeeInvis .    a - +0 war axe
rCold   . . .      Faith    .    c - +1 buckler
rNeg    . . .      Spirit   .    b - +0 scale mail
rPois   .          Reflect  .    (helmet restricted)
rElec   .          Harm     .    (no cloak)
rCorr   .          Rampage  .    (no gloves)
Will    .....                    (no boots)
Stlth   ..........               (no amulet)
HPRegen 0.24/turn                (no ring)
MPRegen 0.08/turn                (no ring)

@: invisible
A: horns 1
a: no special abilities


You were on level 1 of the Dungeon.
You visited 1 branch of the dungeon, and saw 2 of its levels.

You collected 20 gold pieces.

Inventory:

Hand Weapons
 a - a +0 war axe (weapon)
Armour
 b - a +0 scale mail (worn)
 c - a +1 buckler (worn)
Potions
 d - a potion of might


   Skills:
 + Level 3.2 Fighting
 + Level 2.2 Axes
 + Level 3.0 Armour
 + Level 2.9 Shields


You had one spell level left.
You didn't know any spells.
Your spell library was empty.

Dungeon Overview and Level Annotations

Branches:
Dungeon (2/15)

Altars:


Innate Abilities, Weirdness & Mutations

You have a pair of small horns on your head.


Message History

You feel sick. The adder barely misses you. The adder closely misses you.
It was a potion of invisibility.
You fade into invisibility!
* * * LOW HITPOINT WARNING * * *
You feel sick. The adder bites you.
* * * LOW HITPOINT WARNING * * *
* * * LOW HITPOINT WARNING * * *
You feel sick. The adder bites you but does no damage.
There is a stone staircase leading up here.
* * * LOW HITPOINT WARNING * * *
You feel sick. The adder barely misses you.
You climb upwards.
* * * LOW HITPOINT WARNING * * *
You feel sick.
There is a stone staircase leading down here.
* * * LOW HITPOINT WARNING * * *
You feel sick.
You are no longer poisoned.
The adder bites you but does no damage.
An endoplasm comes into view.
The endoplasm quivers.
As you read the scroll labelled YLAG OTOJIO, it crumbles to dust.
It is a scroll of enchant armour.
Your +0 buckler glows green for a moment.
You block the adder's attack. The adder bites you.
* * * LOW HITPOINT WARNING * * *
A rat comes into view.
The endoplasm barely misses you. The endoplasm attacks as you move away!
The endoplasm barely misses you. The adder closely misses you.
You block the adder's attack.
The endoplasm jiggles.
You miss the adder.
The adder is heavily wounded.
The adder barely misses you. You block the adder's attack.
You miss the adder. You headbutt the adder.
You kill the adder!
You hit the endoplasm. The endoplasm freezes you.
You die...

............ ....... .
.r........###.....#. ..
#........#.........
...#..................
..............>.......
.. #..................
....###........#.......
#.......#####........(.
......#....†@..........
..... #....J...........
.......................
..#.##...........######
# .................
.#########.####### .
####...†.......#
###...#####+#####..
##..#####≈≈≈≈≈≈≈###


You could see an endoplasm.

Vanquished Creatures
  An adder (D:1)
  A ball python (D:1)
  A bat (D:2)
  2 giant cockroaches (D:1)
  2 goblins (D:1)
  3 hobgoblins (D:1)
  2 jackals (D:2)
  3 frilled lizards (D:1)
  5 kobolds
  3 rats
23 creatures vanquished.

Notes
Turn   | Place    | Note
-------+----------+-------------------------------------------
     0 | D:1      | jlumianski the Demonspawn Fighter began the quest for the
                  | Orb.
     0 | D:1      | Reached XP level 1. HP: 18/18 MP: 1/1
   105 | D:1      | Gained mutation: You have a pair of small horns on your
                  | head. [demonic ancestry]
   105 | D:1      | Reached XP level 2. HP: 17/24 MP: 2/2
   328 | D:1      | HP: 1/24 [poisoned by an adder]
   333 | D:1      | HP: 1/24 [adder (1)]
   344 | D:1      | Frozen to death by an endoplasm

Illustrated notes

Levels and vault maps discovered:
D:1:      dpeg_arrival_morbid_curiosity, layout_basic,
          hellmonk_ecumenical_altar_watching_god
D:2:      layout_rooms

Skill      XL: |  1  2 |
---------------+-------+-----
Armour         | 3 |  3.0
Axes           | 2 |  2.2
Fighting       | |  3.2
Shields        | |  2.9

Action                   || total
-------------------------++-------
Melee: War axe           ||    65
       Headbutt          ||     6
  Use: Scroll            ||     1
       Potion            ||     1
Armor: Scale mail        ||    30
Dodge: Dodged            ||    47
Block: Buckler           ||    19

Table legend: (Time is in decaauts)
 A = Elapsed time spent in this place.
 B = Non-inter-level travel time spent in this place.
 C = Inter-level travel time spent in this place.
 D = Time resting spent in this place.
 E = Time spent auto-exploring this place.
 F = Levels seen in this place.
 G = Mean time per level.
                   A        B        C        D        E       F      G
               +--------+--------+--------+--------+--------+-----+--------+
         Total |    372 |    372 |      0 |      6 |     96 |   2 |  186.0 |
       Dungeon |    372 |    372 |      0 |      6 |     96 |   2 |  186.0 |
               +--------+--------+--------+--------+--------+-----+--------+

Top non-repeatable levels by time:
     D:1: 300 daAuts
     D:2: 71 daAuts
